NCAA
PROVIDENCE FRIARS @ ARIZONA WILDCATS
04/06/2027
 
TOP OF THE 1ST
Providence Friars batting - Pitching for Arizona Wildcats : LHP Lonnie Phillips
Pitching: LHP Lonnie Phillips
Batting: LHB Brian Easdale 0-0: Ball
1-0: Ground out 4-3 (Groundball, 4)
Batting: RHB Daniel Riddle 0-0: Ball
1-0: Ball
2-0: Ball
3-0: Base on Balls
Batting: LHB Javier Morales 0-0: Ball
1-0: Ground out 3-1 (Groundball, 34S)
Daniel Riddle to second
Batting: RHB Miguel Sánchez 0-0: Called Strike
0-1: Foul Ball, location: 2F
0-2: Fly out, F3 (Popup, 34)
Top of the 1st over - 0 run(s), 0 hit(s), 0 error(s), 1 left on base; Providence 0 - Arizona 0
BOTTOM OF THE 1ST
Arizona Wildcats batting - Pitching for Providence Friars : LHP Charlie Black
Pitching: LHP Charlie Black
Batting: RHB Jesús Ortíz 0-0: Ball
1-0: Called Strike
1-1: Swinging Strike
1-2: Foul Ball, location: 2F
1-2: Ball
2-2: Foul Ball, location: 2F
2-2: Ball
3-2: Strikes out looking
Batting: RHB Juan Navarro 0-0: SINGLE (Line Drive, 9S)
Batting: LHB Larry Battle 0-0: Called Strike
0-1: Foul Ball, location: 2F
0-2: Foul Ball, location: 2F
0-2: Ball
Juan Navarro steals 2nd base
1-2: Ball
2-2: Ball
3-2: Base on Balls
Batting: RHB Jake Lawrence 0-0: Ball
1-0: Called Strike
1-1: 3-RUN HOME RUN (Flyball, 7D), Distance : 361 ft
Batting: RHB Arnold Flint 0-0: Ball
1-0: Called Strike
1-1: Ball
2-1: Ball
3-1: Base on Balls
Batting: RHB Donald Fenner 0-0: Ball
1-0: Ball
2-0: Called Strike
2-1: Ball
3-1: Fly out, F1 (Line Drive, 15)
Lined into DP, 1-3 (Line Drive, 15)
Bottom of the 1st over - 3 run(s), 2 hit(s), 0 error(s), 0 left on base; Providence 0 - Arizona 3
TOP OF THE 2ND
Providence Friars batting - Pitching for Arizona Wildcats : LHP Lonnie Phillips
Batting: RHB Héctor Cruz 0-0: Ball
1-0: Called Strike
1-1: Ball
2-1: Ball
3-1: Foul Ball, location: 2F
3-2: Base on Balls
Batting: RHB Gonzalo García 0-0: Ball
1-0: Grounds into double play, 6-4-3 (Groundball, 6)
Batting: RHB Gustavo Todd 0-0: Called Strike
0-1: Foul Ball, location: 2F
0-2: SINGLE (Groundball, 6) (infield hit)
Batting: SHB Esteban Aliaga 0-0: Called Strike
0-1: Swinging Strike
0-2: Fly out, F7 (Line Drive, 78M)
Top of the 2nd over - 0 run(s), 1 hit(s), 0 error(s), 1 left on base; Providence 0 - Arizona 3
BOTTOM OF THE 2ND
Arizona Wildcats batting - Pitching for Providence Friars : LHP Charlie Black
Batting: RHB Lúcio Pagán 0-0: Ball
1-0: Hit by Pitch
Batting: RHB Dean Oglethorpe 0-0: Ball
1-0: Ball
2-0: Foul Ball, location: 2F
2-1: Called Strike
2-2: Ball
3-2: Foul Ball, location: 2F
3-2: Base on Balls
Lúcio Pagán to second
Batting: RHB Maurice Long 0-0: Ball
1-0: Foul Ball, location: 2F
1-1: Swinging Strike
1-2: Ball
2-2: Ball
3-2: Strikes out swinging
Batting: RHB Jesús Ortíz 0-0: Swinging Strike
0-1: Fly out, F6 (Popup, 6)
Batting: RHB Juan Navarro 0-0: Ball
1-0: Called Strike
1-1: Fly out, F7 (Flyball, 78M)
Bottom of the 2nd over - 0 run(s), 0 hit(s), 0 error(s), 2 left on base; Providence 0 - Arizona 3
TOP OF THE 3RD
Providence Friars batting - Pitching for Arizona Wildcats : LHP Lonnie Phillips
Batting: RHB Roger Tucker 0-0: SOLO HOME RUN (Flyball, 7LD), Distance : 325 ft
Batting: LHB Brian Easdale 0-0: Swinging Strike
0-1: Foul Ball, location: 2F
0-2: Ground out 4-3 (Groundball, 4)
Batting: RHB Daniel Riddle 0-0: Ball
1-0: Ball
2-0: Ball
3-0: Called Strike
3-1: Called Strike
3-2: Base on Balls
Batting: LHB Javier Morales 0-0: Ball
1-0: Foul Ball, location: 2F
1-1: Fielders Choice at 2nd, 4-6 (Groundball, 4M)
Batting: RHB Miguel Sánchez 0-0: Called Strike
0-1: Foul Ball, location: 2F
Pickoff Throw to First - Error! E1
Javier Morales to second
0-2: Hit by Pitch
Batting: RHB Héctor Cruz 0-0: Ball
1-0: Ball
2-0: Ball
3-0: Base on Balls
Javier Morales to third
Miguel Sánchez to second
Batting: RHB Gonzalo García 0-0: Called Strike
0-1: SINGLE (Line Drive, 34D)
Javier Morales scores
Miguel Sánchez to third
Héctor Cruz to second
Batting: RHB Gustavo Todd 0-0: Foul Ball, location: 2F
0-1: Called Strike
0-2: Ball
1-2: Strikes out swinging
Top of the 3rd over - 2 run(s), 2 hit(s), 1 error(s), 3 left on base; Providence 2 - Arizona 3
BOTTOM OF THE 3RD
Arizona Wildcats batting - Pitching for Providence Friars : LHP Charlie Black
Batting: LHB Larry Battle 0-0: Called Strike
0-1: Foul Ball, location: 2F
0-2: Strikes out swinging
Batting: RHB Jake Lawrence 0-0: Ball
1-0: Ball
2-0: Ball
3-0: Base on Balls
Batting: RHB Arnold Flint 0-0: Ball
1-0: Ball
2-0: Fielders Choice at 2nd, 1-6 (Groundball, 13S)
Batting: RHB Donald Fenner 0-0: Ball
1-0: Ball
2-0: Foul Ball, location: 2F
2-1: Ball
3-1: Base on Balls
Arnold Flint to second
Batting: RHB Lúcio Pagán 0-0: Fly out, F5 (Popup, 5L)
Bottom of the 3rd over - 0 run(s), 0 hit(s), 0 error(s), 2 left on base; Providence 2 - Arizona 3
TOP OF THE 4TH
Providence Friars batting - Pitching for Arizona Wildcats : LHP Lonnie Phillips
Batting: SHB Esteban Aliaga 0-0: Ball
1-0: Ball
2-0: Ball
3-0: Called Strike
3-1: Base on Balls
Batting: RHB Roger Tucker 0-0: Swinging Strike
0-1: Ball
1-1: Swinging Strike
1-2: Foul Ball, location: 2F
1-2: Ball
2-2: Foul Ball, location: 2F
2-2: SINGLE (Groundball, 6MD)
Esteban Aliaga to second
Batting: LHB Brian Easdale 0-0: Called Strike
0-1: Ball
1-1: Fly out, F4 (Popup, 4MD)
Batting: RHB Daniel Riddle 0-0: Foul Ball, location: 2F
0-1: Ball
1-1: Ball
2-1: Foul Ball, location: 2F
2-2: Strikes out swinging
Batting: LHB Javier Morales 0-0: Ball
1-0: Swinging Strike
1-1: Ball
2-1: Foul Ball, location: 2F
2-2: Fly out, F9 (Line Drive, 9)
Top of the 4th over - 0 run(s), 1 hit(s), 0 error(s), 2 left on base; Providence 2 - Arizona 3
BOTTOM OF THE 4TH
Arizona Wildcats batting - Pitching for Providence Friars : LHP Charlie Black
Batting: RHB Dean Oglethorpe 0-0: Ball
1-0: Foul Ball, location: 2F
1-1: Called Strike
1-2: Fly out, F6 (Popup, 6S)
Batting: RHB Maurice Long 0-0: Ball
1-0: Ball
2-0: Called Strike
2-1: Ball
3-1: Foul Ball, location: 2F
3-2: Foul Ball, location: 2F
3-2: SINGLE (Flyball, 8LS)
Batting: RHB Jesús Ortíz 0-0: Ball
1-0: Fly out, F8 (Flyball, 8LM)
Batting: RHB Juan Navarro 0-0: Called Strike
0-1: Swinging Strike
0-2: Strikes out swinging
Bottom of the 4th over - 0 run(s), 1 hit(s), 0 error(s), 1 left on base; Providence 2 - Arizona 3
TOP OF THE 5TH
Providence Friars batting - Pitching for Arizona Wildcats : LHP Lonnie Phillips
Batting: RHB Miguel Sánchez 0-0: Ball
1-0: Ball
2-0: Ball
3-0: Base on Balls
Pitching: RHP Kenny Gray
Batting: RHB Héctor Cruz 0-0: Fly out, F8 (Flyball, 8RM)
Batting: RHB Gonzalo García 0-0: Fly out, F7 (Flyball, 78S)
Batting: RHB Gustavo Todd 0-0: Ball
1-0: Called Strike
1-1: Ball
2-1: Called Strike
2-2: Foul Ball, location: 2F
2-2: Strikes out swinging
Top of the 5th over - 0 run(s), 0 hit(s), 0 error(s), 1 left on base; Providence 2 - Arizona 3
BOTTOM OF THE 5TH
Arizona Wildcats batting - Pitching for Providence Friars : LHP Charlie Black
Pitching: RHP Enrico Velázquez
Batting: LHB Larry Battle 0-0: Fly out, F7 (Flyball, 78D)
Batting: RHB Jake Lawrence 0-0: Ball
1-0: Fly out, F9 (Flyball, 9LM)
Batting: RHB Arnold Flint 0-0: Ball
1-0: Ball
2-0: Reached on error, E6 (Groundball, 6)
Batting: RHB Donald Fenner 0-0: Ball
1-0: Foul Ball, location: 2F
1-1: Ball
2-1: SINGLE (Flyball, 89S)
Arnold Flint to second
Runner from 2nd tries for 3rd, SAFE, throw made to third
Batting: RHB Lúcio Pagán 0-0: Called Strike
0-1: Called Strike
0-2: 3-RUN HOME RUN (Flyball, 78XD), Distance : 371 ft
Batting: RHB Dean Oglethorpe 0-0: Ball
1-0: Ball
2-0: Ball
3-0: Called Strike
3-1: Foul Ball, location: 2F
3-2: Ground out 1-3 (Groundball, P)
Bottom of the 5th over - 3 run(s), 2 hit(s), 1 error(s), 0 left on base; Providence 2 - Arizona 6
TOP OF THE 6TH
Providence Friars batting - Pitching for Arizona Wildcats : RHP Kenny Gray
Batting: SHB Esteban Aliaga 0-0: Foul Ball, location: 2F
0-1: Called Strike
0-2: Ground out 5-3 (Groundball, 56S)
Batting: RHB Roger Tucker 0-0: Called Strike
0-1: Ball
1-1: Ball
2-1: Foul Ball, location: 2F
2-2: Strikes out swinging
Batting: LHB Brian Easdale 0-0: Called Strike
0-1: Ball
1-1: Swinging Strike
1-2: Strikes out swinging
Top of the 6th over - 0 run(s), 0 hit(s), 0 error(s), 0 left on base; Providence 2 - Arizona 6
BOTTOM OF THE 6TH
Arizona Wildcats batting - Pitching for Providence Friars : RHP Enrico Velázquez
Pitching: RHP Jesse Hairston
Batting: RHB Maurice Long 0-0: Fly out, F8 (Line Drive, 8LM)
Batting: RHB Jesús Ortíz 0-0: Swinging Strike
0-1: Ball
1-1: Foul Ball, location: 2F
1-2: Strikes out swinging, 2-3 out at first.
Batting: RHB Juan Navarro 0-0: Ball
1-0: Foul Ball, location: 2F
1-1: Ball
2-1: Foul Ball, location: 2F
2-2: SOLO HOME RUN (Flyball, 9LD), Distance : 318 ft
Batting: LHB Larry Battle 0-0: Ball
1-0: Fly out, F6 (Line Drive, 6)
Bottom of the 6th over - 1 run(s), 1 hit(s), 0 error(s), 0 left on base; Providence 2 - Arizona 7
TOP OF THE 7TH
Providence Friars batting - Pitching for Arizona Wildcats : RHP Kenny Gray
Batting: RHB Daniel Riddle 0-0: Called Strike
0-1: DOUBLE (Groundball, 5L)
Batting: LHB Javier Morales 0-0: Foul Ball, location: 2F
0-1: Ball
1-1: Called Strike
1-2: Ball
2-2: Ball
3-2: Base on Balls
Batting: RHB Miguel Sánchez 0-0: Ball
1-0: Ball
2-0: Swinging Strike
2-1: Ball
3-1: Called Strike
3-2: Strikes out looking
Batting: RHB Héctor Cruz 0-0: Called Strike
0-1: Foul Ball, location: 2F
0-2: Ball
1-2: Strikes out swinging
Batting: RHB Gonzalo García 0-0: Fly out, F7 (Flyball, 7D)
Top of the 7th over - 0 run(s), 1 hit(s), 0 error(s), 2 left on base; Providence 2 - Arizona 7
BOTTOM OF THE 7TH
Arizona Wildcats batting - Pitching for Providence Friars : RHP Jesse Hairston
Batting: RHB Jake Lawrence 0-0: Ball
1-0: Called Strike
1-1: Foul Ball, location: 2F
1-2: Ball
2-2: Strikes out swinging
Batting: RHB Arnold Flint 0-0: Ball
1-0: Ball
2-0: Ball
3-0: Base on Balls
Batting: RHB Donald Fenner 0-0: Ball
1-0: Ball
2-0: Foul Ball, location: 2F
2-1: SINGLE (Line Drive, 6MD)
Arnold Flint to second
Batting: RHB Lúcio Pagán 0-0: Foul Ball, location: 2F
0-1: Ball
1-1: Foul Ball, location: 2F
1-2: Strikes out looking
Batting: RHB Dean Oglethorpe 0-0: Fly out, F9 (Flyball, 89M)
Bottom of the 7th over - 0 run(s), 1 hit(s), 0 error(s), 2 left on base; Providence 2 - Arizona 7
TOP OF THE 8TH
Providence Friars batting - Pitching for Arizona Wildcats : RHP Kenny Gray
Batting: RHB Gustavo Todd 0-0: Ball
1-0: Called Strike
1-1: Called Strike
1-2: SINGLE (Flyball, 8LS)
Batting: SHB Esteban Aliaga 0-0: Ball
1-0: Ball
2-0: DOUBLE (Flyball, 7LM)
Gustavo Todd to third
Batting: RHB Roger Tucker 0-0: Fly out, F7 (Flyball, 7LM)
Runner from 3rd tags up, SCORES, no throw
Batting: LHB Brian Easdale 0-0: Ball
1-0: Ball
2-0: Called Strike
2-1: Called Strike
2-2: Fly out, F9 (Flyball, 89M)
Batting: RHB Daniel Riddle 0-0: TRIPLE (Line Drive, 8LS)
Esteban Aliaga scores
Pitching: LHP Aaron Blankenship
Batting: LHB Javier Morales 0-0: Foul Ball, location: 2F
0-1: Ground out U3 (Groundball, 34)
Top of the 8th over - 2 run(s), 3 hit(s), 0 error(s), 1 left on base; Providence 4 - Arizona 7
BOTTOM OF THE 8TH
Arizona Wildcats batting - Pitching for Providence Friars : RHP Jesse Hairston
Batting: RHB Maurice Long 0-0: Ball
1-0: Called Strike
1-1: Fly out, F7 (Flyball, 7S)
Batting: RHB Jesús Ortíz 0-0: Ball
1-0: Foul Ball, location: 2F
1-1: Fly out, F9 (Flyball, 9S)
Batting: RHB Juan Navarro 0-0: Called Strike
0-1: Ball
1-1: Foul Ball, location: 2F
1-2: Strikes out looking
Bottom of the 8th over - 0 run(s), 0 hit(s), 0 error(s), 0 left on base; Providence 4 - Arizona 7
TOP OF THE 9TH
Providence Friars batting - Pitching for Arizona Wildcats : LHP Aaron Blankenship
Pitching: LHP Shawn Evans
Batting: RHB Miguel Sánchez 0-0: Ball
1-0: Called Strike
1-1: Called Strike
1-2: Foul Ball, location: 2F
1-2: Ball
2-2: Strikes out looking
Batting: RHB Héctor Cruz 0-0: Ball
1-0: SINGLE (Line Drive, 4D)
Batting: RHB Gonzalo García 0-0: Ball
1-0: Swinging Strike
1-1: Grounds into double play, 4-6-3 (Groundball, 4)
Top of the 9th over - 0 run(s), 1 hit(s), 0 error(s), 0 left on base; Providence 4 - Arizona 7
Thursday, March 30th, 2017 - OOTP Baseball 17.12 Build 75